 Dungeon Crawl Stone Soup version 0.23-a0-310-gdcc7a32 (webtiles) character file.

178 galech the Shield-Bearer (level 5, 0/42 HPs)
             Began as a Demonspawn Fighter on Oct 12, 2018.
             Slain by a phantom (3 damage)
             ... on level 3 of the Dungeon.
             The game lasted 00:03:00 (2520 turns).

galech the Shield-Bearer (Demonspawn Fighter)       Turns: 2520, Time: 00:03:01

Health: 0/42       AC: 10    Str: 16    XL:     5   Next: 32%
Magic:  14/14      EV:  7    Int:  9    God:
Gold:   112        SH:  9    Dex: 14    Spells: 4/4 levels left

rFire    . . .     SeeInvis .   l - +0 short sword (venom)
rCold    . . .     Gourm    .   c - +0 shield
rNeg     . . .     Faith    .   b - +0 scale mail
rPois    .         Spirit   .   t - +0 helmet (curse)
rElec    .         Reflect  .   (no cloak)
rCorr    .         Harm     .   e - +0 pair of gloves
MR       .....                  (no boots)
Stlth    +.........             (no amulet)
HPRegen  0.14/turn              u - ring of magical power
MPRegen  0.14/turn              (no ring)

@: no status effects
A: claws 1, rugged brown scales 1, nightstalker 1
a: no special abilities


You were on level 3 of the Dungeon.
You were hungry.

You visited 1 branch of the dungeon, and saw 3 of its levels.

You collected 112 gold pieces.

Inventory:

Hand Weapons
 a - a +0 war axe
 l - a +0 short sword of venom (weapon)
Armour
 b - a +0 scale mail (worn)
 c - a +0 shield (worn)
 e - a +0 pair of gloves (worn)
 t - a cursed +0 helmet (worn)
Jewellery
 u - a ring of magical power (left hand)
Wands
 x - a wand of random effects (23)
Scrolls
 g - a scroll of immolation {unknown}
 h - a scroll of random uselessness {unknown}
 i - 6 scrolls of identify {unknown}
 k - a scroll of fear {unknown}
 m - 2 scrolls of noise {unknown}
 n - 2 scrolls of fog {unknown}
 p - 2 scrolls of teleportation {unknown}
 s - a scroll of blinking {unknown}
 v - a scroll of remove curse {unknown}
 w - a scroll of enchant weapon {unknown}
Potions
 d - a potion of might
 j - a potion of cancellation {unknown}
 o - a potion of agility
 q - a potion of curing {unknown}
 r - a potion of degeneration {unknown}
Comestibles
 f - 4 rations


   Skills:
 + Level 3.5 Fighting
 + Level 1.6 Short Blades
 + Level 2.1 Axes
 + Level 3.5 Armour
 + Level 0.8 Dodging
 + Level 0.9 Stealth
 + Level 3.7 Shields


You had 4 spell levels left.
You didn't know any spells.
Your spell library contained the following spells:

 Spells                   Type           Power        Failure   Level  Hunger
 Confusing Touch          Hex            #.....       99%         1    ##.....
 Confuse                  Hex            #.......     100%        3    ####...
 Gell's Gravitas          Tloc           #.........   100%        3    ####...
 Petrify                  Tmut/Erth      #.......     100%        4    #####..
 Metabolic Englaciation   Hex/Ice        #.........   100%        5    ######.
 Yara's Violent Unravell  Hex/Tmut       #.........   100%        5    ######.


Dungeon Overview and Level Annotations

Branches:
Dungeon (3/15)

Altars:
Qazlal
Uskayaw


Innate Abilities, Weirdness & Mutations

You have sharp fingernails.
You are partially covered in rugged brown scales. (AC +1, +3% HP)
You are slightly more attuned to the shadows.


Message History

The phantom blinks!
You closely miss the phantom.
The phantom is lightly damaged.
You block the phantom's attack.
You hit the phantom.
The phantom is moderately damaged.
You block the phantom's attack.
You hit the phantom.
The phantom is heavily damaged.
The phantom hits you but does no damage.
You hit the phantom but do no damage.
The phantom is moderately damaged.
You block the phantom's attack.
You closely miss the phantom.
The phantom is moderately damaged.
The phantom hits you but does no damage.
You hit the phantom.
The phantom is heavily damaged.
The phantom hits you.
You die...

##############
#......@W.....
#.############ #####.#
#...#.# #...#'###
#.......# ####.......#
...........###### ####.#
...........##....##....#


You could see a phantom.

Vanquished Creatures
  Jessica (D:3)
  Natasha (twice) (D:3)
  3 adders
  2 worms
  A dart slug (D:1)
  3 orcs (D:3)
  3 giant cockroaches
  7 goblins
  12 hobgoblins
  2 jackals (D:3)
  8 kobolds
  A quokka (D:3)
  A ball python (D:1)
  6 bats
  5 frilled lizards
  9 rats
66 creatures vanquished.

Notes
Turn   | Place    | Note
-------+----------+-------------------------------------------
     0 | D:1      | galech the Demonspawn Fighter began the quest for the Orb.
     0 | D:1      | Reached XP level 1. HP: 18/18 MP: 1/1
   254 | D:1      | Gained mutation: You are slightly more attuned to the
                  | shadows. [demonic ancestry]
   254 | D:1      | Reached XP level 2. HP: 21/24 MP: 2/2
   579 | D:1      | HP: 1/24 [hobgoblin/club (5)]
   584 | D:1      | HP: 1/24 [bat (1)]
   910 | D:1      | Reached XP level 3. HP: 29/29 MP: 3/3
  1316 | D:2      | Found a stormy altar of Qazlal.
  1401 | D:2      | Found a hide-covered altar of Uskayaw.
  1647 | D:2      | Gained mutation: You are partially covered in rugged brown
                  | scales. (AC +1, +3% HP) [demonic ancestry]
  1647 | D:2      | Reached XP level 4. HP: 29/36 MP: 4/4
  1970 | D:3      | Noticed Jessica
  1987 | D:3      | Killed Jessica
  1987 | D:3      | Reached skill level 1 in Short Blades
  2245 | D:3      | Noticed Natasha
  2255 | D:3      | Killed Natasha
  2255 | D:3      | Gained mutation: You have sharp fingernails. [demonic
                  | ancestry]
  2255 | D:3      | Reached XP level 5. HP: 38/42 MP: 5/5
  2313 | D:3      | Noticed Natasha
  2328 | D:3      | Killed Natasha
  2481 | D:3      | Noticed a phantom
  2510 | D:3      | HP: 2/42 [phantom (7)]
  2520 | D:3      | Slain by a phantom

Vault maps used:
D:1:      minmay_arrival_widening_spiral_wide
D:2:      lemuel_crystal_altar, lemuel_doored_altar, minmay_pentomino_x4
D:3:      marbit_many_paths, first_ration, elyvilon_altar_5, uniq_ijyb,
          uniq_natasha, uniq_jessica

Skill      XL: |  1  2  3  4 |
---------------+-------------+-----
Armour         | 3 |  3.5
Axes           | 2 |  2.1
Shields        | 3 |  3.7
Short Blades   | 1 |  1.6
Fighting       | |  3.5
Dodging        | |  0.8
Stealth        | |  0.9

Action                   |  1- 3 |  4- 6 || total
-------------------------+-------+-------++-------
Melee: War axe           |    25 |       ||    25
       Short sword       |   111 |   116 ||   227
  Eat: Chunk             |     2 |     3 ||     5
Armor: Scale mail        |    66 |    42 ||   108
Dodge: Dodged            |    34 |    24 ||    58
Block: Shield            |    75 |    56 ||   131

Table legend:
 A = Non-vault XP
 B = Vault XP
 C = Vault XP percentage of total XP
 D = Non-vault monster count
 E = Vault monster count
 F = Vault count percentage of total count
                 A         B        C        D         E       F
            +---------+---------+-------+---------+---------+-------
      Total |     168 |      87 |  34.1 |      61 |       5 |   7.6
            +---------+---------+-------+---------+---------+-------
        D:1 |      51 |       0 |   0.0 |      30 |       0 |   0.0
        D:2 |      41 |      15 |  26.8 |      16 |       3 |  15.8
        D:3 |      76 |      72 |  48.6 |      15 |       2 |  11.8
            +---------+---------+-------+---------+---------+-------
